 Dungeon Crawl Stone Soup version 0.31.0-32-g396128a36d (webtiles) character file.

Game seed: 12630341947868771067

137 Silvore the Shield-Bearer (level 5, -15/46 HPs)
             Began as a Minotaur Fighter on Mar 12, 2024.
             Killed by an exploding white imp (20 damage)
             ... ignited by their inner flame
             ... on level 4 of the Dungeon.
             The game lasted 00:03:56 (2634 turns).

Silvore the Shield-Bearer (Minotaur Fighter)        Turns: 2634, Time: 00:03:57

Health: -15/46     AC: 12    Str: 22    XL:     5   Next: 0%
Magic:  4/4        EV:  6    Int:  5    God:
Gold:   200        SH:  4    Dex: 10    Spells: 4/4 levels left

rFire   . . .        a - +1 flail (vamp)
rCold   . . .        c - +0 buckler
rNeg    . . .        h - +0 plate armour
rPois   .            (helmet restricted)
rElec   .            (no cloak)
rCorr   .            (no gloves)
SInv    .            (no boots)
Will    .....        (no amulet) Stlth
                     (no ring)
HPRegen 0.27/turn    (no ring)
MPRegen 0.09/turn

%: no passive effects
@: no status effects
A: horns 2, retaliatory headbutt
a: no special abilities


You were on level 4 of the Dungeon.
You visited 1 branch of the dungeon, and saw 4 of its levels.

You collected 200 gold pieces.

Inventory:

Hand Weapons
 a - a +1 vampiric flail (weapon)
Armour
 b - a +0 scale mail
 c - a +0 buckler (worn)
 h - a +0 plate armour (worn)
Jewellery
 m - a +6 ring of dexterity
Scrolls
 g - a scroll of identify
 k - a scroll of amnesia
 r - a scroll of enchant weapon
Potions
 d - a potion of might
 e - a potion of heal wounds
 f - 3 potions of curing
 i - a potion of lignification
 l - a potion of degeneration
 p - a potion of haste
 q - a potion of magic


   Skills:
 + Level 4.1 Fighting
 + Level 4.0 Maces & Flails
 + Level 4.4 Armour
 + Level 1.0 Dodging
 + Level 0.3 Stealth
 + Level 4.7 Shields


You had 4 spell levels left.
You didn't know any spells.
Your spell library contained the following spells:

 Spells                   Type           Power      Damage    Failure   Level
 Apportation              Tloc           0%         N/A       100%        1
 Necrotise                Necr           0%         1d4       100%        1
 Sandblast                Erth           0%         2d4       100%        1
 Sting                    Conj/Alch      0%         1d3       100%        1
 Summon Small Mammal      Summ           0%         N/A       100%        1
 Cigotuvi's Dreadful Rot  Necr/Alch/Air  0%         N/A       100%        2
 Fugue of the Fallen      Necr           0%         N/A       100%        3
 Ozocubu's Armour         Ice            0%         N/A       100%        3
 Passwall                 Erth           0%         N/A       100%        3
 Stone Arrow              Conj/Erth      0%         3d7       100%        3
 Brom's Barrelling Bould  Conj/Erth      0%         2d3       100%        4
 Dispel Undead            Necr           0%         3d6       100%        4
 Manifold Assault         Tloc           0%         N/A       100%        4
 Martyr's Knell           Necr/Summ      0%         N/A       100%        4
 Death Channel            Necr           0%         N/A       100%        6
 Dispersal                Tloc           0%         N/A       100%        6
 Disjunction              Tloc           0%         N/A       100%        8


Dungeon Overview and Level Annotations

Branches:
Dungeon (4/15)
 Temple: D:4-7

Altars:
Zin

Annotations:
D:4 Eustachio


Innate Abilities, Weirdness & Mutations

You have a pair of horns on your head.
You reflexively headbutt those who attack you in melee.


Message History

Eustachio is almost dead.
The bat hits you but does no damage.
Eustachio casts a spell.
The white imp picks up a beetle and eats it.
The white imp hits you but does no damage.
The quasit bites you but does no damage.
The quasit claws you but does no damage. x2
Eustachio casts a spell.
Eustachio blinks!
The quasit bites you but does no damage.
The quasit claws you but does no damage. x2
The white imp gestures at you. The puff of frost misses you.
You hit the white imp but do no damage. The bat hits you but does no damage.
The quasit bites you but does no damage.
The quasit claws you but does no damage.
The quasit claws you.
* * * LOW HITPOINT WARNING * * *
Eustachio mumbles some strange words.
The white imp hits you but does no damage.
You block the white imp's attack. You block the bat's attack.
As you read the scroll labelled AQYRAK ZIETO, it crumbles to dust.
The creatures around you are filled with an inner flame!
It was a scroll of immolation.
The quasit barely misses you.
The quasit claws you but does no damage.
You block the quasit's attack.
Eustachio screams, "This atrocity can only be purified with blood!"
You block the white imp's attack. The white imp barely misses you.
You furiously retaliate!
You headbutt the white imp!
The white imp disappears in a puff of smoke!
The white imp explodes!
The fiery explosion engulfs the rat!!
The rat's corpse disappears in a puff of smoke!
The fiery explosion engulfs the white imp!!!
The white imp is burned terribly!
The white imp disappears in a puff of smoke!
The fiery explosion engulfs the quasit!
The quasit resists.
The quasit disappears in a puff of smoke!
The fiery explosion engulfs you!!
You die...

###### ##...#<.....
#..r.# #..#........
#....# .>##.≈≈≈≈≈≈.
+...@# #.#..≈≈≈≈≈≈.
#.r..# #..≈≈.>≈≈.
#?...#######..≈≈⌠_≈≈.
#.§§§#........≈≈≈≈≈≈.
#.§§§b........≈≈≈≈≈≈.
#.§§@#...............
######.........##.###
#............#
#.........####
#.........#
#.........#
#.........#
###########


You could see Eustachio (inner flame), 2 quokkas and a bat (summoned, inner
flame).

Vanquished Creatures
  A hound zombie (D:3)
  4 adders
  An adder zombie (D:3)
  5 dart slugs
  A ribbon worm (D:2)
  6 orcs
  7 endoplasms
  2 giant cockroaches
  4 goblins
  3 hobgoblins (D:1)
  4 kobolds
  2 quokkas
  8 ball pythons
  A ball python skeleton (D:3)
  11 bats
  2 frilled lizards
  4 rats
66 creatures vanquished.

Notes
Turn   | Place    | Note
-------+----------+-------------------------------------------
     0 | D:1      | Silvore the Minotaur Fighter began the quest for the Orb.
     0 | D:1      | Reached XP level 1. HP: 19/19 MP: 0/0
    39 | D:1      | Found a faded altar of an unknown god.
   181 | D:1      | Reached XP level 2. HP: 25/27 MP: 1/1
   845 | D:2      | Reached XP level 3. HP: 33/33 MP: 2/2
   974 | D:2      | Reached skill level 1 in Dodging
  1235 | D:2      | Reached XP level 4. HP: 40/40 MP: 3/3
  2253 | D:3      | Reached XP level 5. HP: 46/46 MP: 4/4
  2516 | D:4      | Identified the +6 dagger "Tevyuheb" {drain, rF+}
  2585 | D:4      | Found a glowing silver altar of Zin.
  2615 | D:4      | Noticed Eustachio
  2634 | D:4      | Killed by an exploding white imp... ignited by their inner
                  | flame

Illustrated notes

Levels and vault maps discovered:
D:1:      mrwooster_arrival_statue_2, layout_loops_cross,
          hellmonk_ecumenical_altar_heavens_door
D:2:      layout_loops_corners, nicolae_figureground_pulse
D:3:      layout_loops_ring, serial_undead, serial_undead_b, serial_undead_c,
          serial_undead_c, serial_undead_d
D:4:      layout_basic, general_overflow_altar, uniq_eustachio, uniq_ijyb,
          uniq_sigmund

Skill      XL: |  1  2  3  4 |
---------------+-------------+-----
Shields        | 4 |  4.7
Armour         | 4 |  4.4
Dodging        | 1 |  1.0
Maces & Flails | 3 4 |  4.0
Fighting       | 4 |  4.1
Stealth        | |  0.3

Action                     |  1- 3 |  4- 6 || total
---------------------------+-------+-------++-------
  Melee: Flail             |    85 |    71 ||   156
         Headbutt          |    10 |    10 ||    20
    Use: Scroll            |     4 |    12 ||    16
 Armour: Scale mail        |    30 |       ||    30
         Plate armour      |    49 |   124 ||   173
  Dodge: Dodged            |    41 |    31 ||    72
  Block: Buckler           |    24 |    25 ||    49
